 Dungeon Crawl Stone Soup version 0.17-a0-1984-g55f5988 (webtiles) character file.

10817 Ordine the Grappler (level 11, -11/111 HPs)
             Began as a Troll Monk on Oct 6, 2015.
             Mangled by a komodo dragon (19 damage)
             ... on level 4 of the Lair of Beasts.
             The game lasted 00:31:04 (7587 turns).

Ordine the Grappler (Troll Monk)                    Turns: 7587, Time: 00:31:04

Health: -11/111    AC:  6    Str: 21    XL:     11   Next: 41%
Magic:  10/10      EV: 16    Int:  6    God:
Gold:   694        SH:  0    Dex: 15    Spells: 0 memorised, 10 levels left

rFire  . . .     SeeInvis .       - Unarmed
rCold  + + .     Clarity  .     N - +1 robe {rC+}
rNeg   . . .     SustAt   .     (no shield)
rPois  .         Gourm    +     (helmet restricted)
rElec  .         Spirit   .     I - +0 cloak (curse)
rCorr  .         Warding  .     (gloves unavailable)
rMut   .         Stasis   .     (boots unavailable)
MR     .....                    g - amulet of regeneration
Stlth  +.........               s - +2 ring of evasion
                                K - +3 ring of slaying

@: confused, very slightly contaminated, hasted, very quick, not resistant to
hostile enchantments, very unstealthy
A: unfitting armour, claws 3, hooves 1, blurry vision 1, cold resistance 1,
deformed body, fast metabolism 3, gourmand, regeneration 2, shaggy fur 1, tough
skin 2, subdued magic 1
a: no special abilities


You were on level 4 of the Lair of Beasts.
You were very full.

You visited 3 branches of the dungeon, and saw 15 of its levels.

You collected 694 gold pieces.

Inventory:

Hand Weapons
 d - a +3 spear of electrocution
 J - the +6 long sword "Misoo" {slice, -Tele rPois rC+ Int+4}
   (You found it on level 10 of the Dungeon)

   It inflicts extra damage upon your enemies.
   It affects your intelligence (+4).
   It protects you from cold.
   It protects you from poison.
   It prevents most forms of teleportation.
Armour
 I - a cursed +0 cloak (worn)
 N - a +1 robe of cold resistance (worn)
Jewellery
 g - an amulet of regeneration (around neck)
 o - an uncursed ring of positive energy
 s - a +2 ring of evasion (right claw)
 w - an uncursed ring of sustain attributes
 C - an uncursed amulet of resist corrosion
 K - a +3 ring of slaying (left claw)
Wands
 n - a wand of draining (10)
 q - a wand of draining (6)
 y - a wand of fire (5)
 G - a wand of polymorph (11)
 H - a wand of fire (3)
Scrolls
 a - a scroll of amnesia
 e - a scroll of immolation
 h - 2 scrolls of enchant armour
 p - 3 scrolls of remove curse
 t - 2 scrolls of teleportation
 u - a scroll of recharging
 v - 2 scrolls of enchant weapon
 B - a scroll of blinking
Potions
 c - 3 potions of brilliance
 j - 3 potions of curing
 l - 2 potions of magic
 r - 2 potions of flight
 z - a potion of ambrosia
Books
 D - a Grand Grimoire

   Spells                             Type                      Level
   a - Monstrous Menagerie            Summoning                    6
   b - Summon Greater Demon           Summoning                    7
   c - Malign Gateway                 Summoning/Translocation      7
   d - Summon Horrible Things         Summoning                    8
 L - a book of the Dragon

   Spells                             Type                      Level
   a - Flame Tongue                   Conjuration/Fire             1
   b - Cause Fear                     Hexes                        4
   c - Bolt of Fire                   Conjuration/Fire             6
   d - Dragon Form                    Transmutation                7
   e - Dragon's Call                  Summoning                    9
Comestibles
 b - 8 bread rations
 i - a fruit
 k - 3 meat rations
 m - 6 beef jerkies
 x - 9 slices of pizza
 A - 2 royal jellies
 E - a chunk of flesh


   Skills:
 + Level 8.0 Fighting
 + Level 8.1 Dodging
 - Level 1.1 Stealth
 * Level 13.1 Unarmed Combat


You had 10 spell levels left.
You didn't know any spells.

Dungeon Overview and Level Annotations

Branches:
Dungeon (10/15)            Temple (1/1) D:7            Lair (4/8) D:10
  Swamp: Lair:3-6    Shoals: Lair:3-6     Snake: Lair:3-6    Spider: Lair:3-6
    Orc: D:9-12

Altars:
Ashenzari
Cheibriados
Dithmenos
Elyvilon
Fedhas
Gozag
Kikubaaqudgha
Makhleb
Nemelex Xobeh
Okawaru
Qazlal
Ru
Sif Muna
Trog
Vehumet
Xom
Yredelemnul
Zin
The Shining One

Shops:
D:4 (   D:5 [(   D:9 :

Portals:
Ice
Cave: Lair:4


Innate Abilities, Weirdness & Mutations

You are too large for most types of armour.
You have claws for hands.
Your metabolism is lightning-fast.
You like to eat raw meat.
You heal very quickly.
You are covered in fur (AC +1).
You have very tough skin (AC +2).
You have large cloven feet.
Scrolls take you a little longer to read.
Your flesh is cold resistant.
Armour fits poorly on your strangely shaped body.
Your spells are a little easier to cast, but a little less powerful.


Message History

* * * LOW HITPOINT WARNING * * *
Drink which item? (? for menu, Esc to quit)
You are confused.
You feel invigorated. The komodo dragon misses you.
You mangle the river rat!!
You kill the river rat!
The river rat bites you but does no damage.
The river rat bites you.
* * * LOW HITPOINT WARNING * * *
A white imp comes into view.
You're too confused to move!
The white imp shouts, "Leave, thou foppish flat-headed mammet!"
The komodo dragon bites you!!
* * * LOW HITPOINT WARNING * * *
The river rat closely misses you.
You scratch the komodo dragon but do no damage.
The blink frog closely misses you.
The river rat bites you but does no damage.
You're too confused to move!
The komodo dragon bites you!!
You die...

## ###..# #@F.#
#....lrr.#
#..........#
#..........#
#...........#
..............
.......5.......
......∩.....P#.


You could see a komodo dragon, a blink frog, 2 river rats and a white imp.

Vanquished Creatures
  Fannar (Lair:2)
  3 hill giants (D:10)
  The ghost of hydrated21 the Ruffian, a novice TrMo of Nemelex Xobeh (D:5)
  Pikel (D:5)
  A spiny frog (Lair:2)
  2 blink frogs (Lair:4)
  A troll (D:9)
  12 yaks
  2 hogs (D:8)
  A human (D:8)
  A wolf (Lair:4)
  Menkaure (D:6)
  A hippogriff (D:8)
  A hungry ghost (D:10)
  2 water moccasins
  3 sky beasts
  A slave (D:5)
  2 porcupines (Lair:3)
  A black bear (D:9)
  2 phantoms (D:5)
  5 ogres
  An orc warrior (D:7)
  2 ice beasts
  Blork the orc (D:5)
  A centaur (D:10)
  8 giant frogs
  A scorpion (D:10)
  8 crimson imps
  A centaur zombie (D:6)
  A gnoll shaman (D:9)
  6 orc priests
  6 hounds
  10 orc wizards
  5 jellies
  4 iguanas
  A hell rat (D:6)
  A worker ant (D:9)
  A killer bee zombie (D:9)
  A sheep (D:8)
  A hound skeleton (D:4)
  A worker ant zombie (D:8)
  7 gnolls
  13 adders
  14 river rats
  11 white imps (Lair:4)
  2 shadow imps (D:8)
  2 oozes
  An adder zombie (D:10)
  4 adder skeletons
  2 worms (D:2)
  7 giant geckos
  27 orcs
  2 bats
  5 goblins
  7 hobgoblins
  5 quokkas
  7 giant cockroaches
  A giant gecko skeleton (D:5)
  2 giant newts
  6 kobolds
  30 rats
261 creatures vanquished.

Vanquished Creatures (others)
  A crimson imp (D:5)
1 creature vanquished.

Grand Total: 262 creatures vanquished

Notes
Turn   | Place    | Note
--------------------------------------------------------------
     0 | D:1      | Ordine the Troll Monk began the quest for the Orb.
     0 | D:1      | Reached XP level 1. HP: 22/22 MP: 0/0
   162 | D:1      | Reached XP level 2. HP: 21/29 MP: 1/1
   870 | D:2      | Reached XP level 3. HP: 31/36 MP: 2/2
   939 | D:2      | Found a shadowy altar of Dithmenos.
  1035 | D:2      | Reached XP level 4. HP: 35/44 MP: 3/3
  1533 | D:3      | Found an opulent altar of Gozag.
  1811 | D:4      | Reached skill level 5 in Unarmed Combat
  1827 | D:4      | Reached XP level 5. HP: 29/53 MP: 4/4
  1849 | D:4      | Found an iron altar of Okawaru.
  1970 | D:4      | Noticed an ogre
  1975 | D:4      | Killed an ogre
  1975 | D:4      | Reached XP level 6. HP: 36/61 MP: 5/5
  2141 | D:4      | Reached skill level 6 in Unarmed Combat
  2167 | D:4      | Found a radiant altar of Vehumet.
  2169 | D:4      | Found a basalt altar of Yredelemnul.
  2320 | D:4      | Found Suoryresuy's Antique Weapon Shoppe.
  2345 | D:5      | Entered Level 5 of the Dungeon
  2359 | D:5      | Found Zotag's Weapon Shoppe.
  2445 | D:5      | Reached XP level 7. HP: 38/68 MP: 6/6
  2653 | D:5      | Found Pojej's Antique Armour Shoppe.
  2653 | D:5      | Noticed Pikel
  2761 | D:5      | Noticed hydrated21's ghost (novice TrMo)
  2769 | D:5      | Killed hydrated21's ghost
  2769 | D:5      | Reached skill level 7 in Unarmed Combat
  2769 | D:5      | Reached XP level 8. HP: 79/79 MP: 7/7
  2913 | D:5      | Reached skill level 8 in Unarmed Combat
  2920 | D:5      | Reached skill level 5 in Dodging
  3075 | D:5      | Killed Pikel
  3075 | D:5      | Reached skill level 5 in Fighting
  3075 | D:5      | Reached skill level 9 in Unarmed Combat
  3120 | D:5      | Found a glowing golden altar of the Shining One.
  3153 | D:5      | Noticed Blork the orc
  3164 | D:5      | Killed Blork the orc
  3482 | D:5      | Found a deep blue altar of Sif Muna.
  3573 | D:6      | Noticed Menkaure
  3579 | D:6      | Killed Menkaure
  3579 | D:6      | Reached XP level 9. HP: 65/88 MP: 8/8
  4627 | D:7      | Found a staircase to the Ecumenical Temple.
  4635 | Temple   | Entered the Ecumenical Temple
  4840 | D:7      | Reached skill level 10 in Unarmed Combat
  5223 | D:8      | Gained mutation: You are agile. (Dex +2) [mutagenic meat]
  5224 | D:8      | Gained mutation: Your flesh is cold resistant. [mutagenic meat]
  5225 | D:8      | Gained mutation: Your spells are a little easier to cast, but a little less powerful. [mutagenic meat]
  5229 | D:8      | Gained mutation: You have large cloven feet. [mutagenic meat]
  5230 | D:8      | Gained mutation: Armour fits poorly on your strangely shaped body. [mutagenic meat]
  5289 | D:8      | Found a bloodstained altar of Trog.
  5397 | D:8      | Reached XP level 10. HP: 73/100 MP: 9/9
  5508 | D:8      | Reached skill level 11 in Unarmed Combat
  6058 | D:9      | Found Lovofi's Book Shoppe.
  6655 | D:10     | Entered Level 10 of the Dungeon
  6705 | D:10     | Noticed a hill giant
  6717 | D:10     | Killed a hill giant
  6717 | D:10     | Reached skill level 12 in Unarmed Combat
  6799 | D:10     | Got a crystal long sword
  6800 | D:10     | Identified the +6 long sword "Misoo" {slice, -Tele rPois rC+ Int+4} (You found it on level 10 of the Dungeon)
  6876 | D:10     | Noticed a hill giant
  6886 | D:10     | Killed a hill giant
  6886 | D:10     | Reached XP level 11. HP: 109/109 MP: 10/10
  6958 | D:10     | Noticed a hill giant
  6965 | D:10     | Killed a hill giant
  7068 | D:10     | Found a staircase to the Lair.
  7178 | D:10     | Lost mutation: You are agile. (Dex +2) [mutagenic meat]
  7179 | D:10     | Gained mutation: Scrolls take you a little longer to read. [mutagenic meat]
  7356 | Lair:1   | Entered Level 1 of the Lair of Beasts
  7402 | Lair:2   | Noticed Fannar
  7411 | Lair:2   | Killed Fannar
  7539 | Lair:4   | Found a frozen archway.
  7547 | Lair:4   | Reached skill level 13 in Unarmed Combat
  7585 | Lair:4   | HP: 3/111 [komodo dragon (25)]
  7587 | Lair:4   | Mangled by a komodo dragon

Vault maps used:
D:1:      dpeg_arrival_prison
D:2:      grunt_dithmenos_smoke_and_mirrors, serial_bayou_pond_c
D:3:      lemuel_round_altar, first_bread, glass_columns_a
D:4:      grunt_temple_overflow_open, serial_shops, kennysheep_mini,
          okawaru_metal_pillars_1_2
D:5:      kennysheep_mini_moat, overflow_temple_1_default, serial_shops,
          shop_coins, shop, uniq_blork_the_orc, uniq_pikel
D:6:      lemuel_ratsnest, grunt_decor_one_mirror, uniq_menkaure
D:7:      temple_statues
D:8:      grunt_livestock, hangedman_decor_growths, bloody_trog
D:9:      serial_shops, shop, kennysheep_generic_room_7
D:10:     lair_0_dummy
Temple:   nicolae_temple_god_jail
Lair:2:   serial_bayou_shore_b, serial_bayou_shore_a, uniq_fannar
Lair:3:   beast_lair_carwin_large_3, spider_nest_entry_a, lemuel_fruit_tree,
          serial_bayou_shore_b
Lair:4:   portal_ice_cave_entry_imps, grunt_forest_stairs_clearing

Action                   |  1- 3 |  4- 6 |  7- 9 | 10-12 || total
-------------------------+-------+-------+-------+-------++-------
Melee: Unarmed           |    52 |   156 |   257 |   281 ||   746
       Dagger            |   155 |       |       |       ||   155
  Use: Scroll            |     2 |     9 |     5 |     7 ||    23
       Potion            |       |       |     3 |     6 ||     9
 Stab: Sleeping          |     1 |       |     4 |     6 ||    11
       Distracted        |       |       |     2 |       ||     2
  Eat: Chunk             |    12 |    14 |    33 |    27 ||    86
       Fruit             |       |       |     3 |       ||     3
